 Dungeon Crawl Stone Soup version 0.30.1-11-g7821555f0a (webtiles) character file.

Game seed: 14992488452413956530

305 Okkudo the Chopper (level 6, -2/56 HPs)
             Began as a Hill Orc Monk on Dec 4, 2023.
             Succumbed to a gnoll's poison
             ... on level 4 of the Dungeon.
             The game lasted 00:09:13 (2944 turns).

Okkudo the Chopper (Hill Orc Monk)                  Turns: 2944, Time: 00:09:14

Health: -2/56      AC: 22    Str: 18    XL:     6   Next: 39%
Magic:  6/6        EV:  9    Int: 10    God:
Gold:   231        SH:  0    Dex: 16    Spells: 5/5 levels left

rFire   . . .        a - +0 hand axe
rCold   . . .        d - orb {light}
rNeg    . . .        e - +13 chain mail "Jankutush" {rCorr Str+2 Dex+3}
rPois   .            (no helmet)
rElec   .            (no cloak)
rCorr   +            l - +0 pair of gloves
SInv    .            (no boots)
Will    .....        (no amulet) Stlth
                     (no ring)
HPRegen 0.29/turn    (no ring)
MPRegen 0.10/turn

%: no passive effects
@: lethally poisoned (-2 -> -21), hasted, glowing, very quick
A: no striking features
a: no special abilities


You were on level 4 of the Dungeon.
You visited 1 branch of the dungeon, and saw 4 of its levels.

You collected 231 gold pieces.

Inventory:

Hand Weapons
 a - a +0 hand axe (weapon)
Armour
 d - an orb of light (worn)
 e - the +13 chain mail "Jankutush" (worn) {rCorr Str+2 Dex+3}
   (You found it on level 2 of the Dungeon)

   Str:       It affects your strength (+2).
   Dex:       It affects your dexterity (+3).
   rCorr:     It protects you from acid and corrosion.
 l - a +0 pair of gloves (worn)
Jewellery
 h - a ring of wizardry
Scrolls
 b - 2 scrolls of noise {unknown}
 g - 3 scrolls of identify {unknown}
 m - 5 scrolls of poison {unknown}
 n - a scroll of brand weapon {unknown}
 o - 2 scrolls of enchant armour {unknown}
 p - 4 scrolls of blinking {unknown}
 r - a scroll of magic mapping {unknown}
 u - a scroll of enchant weapon {unknown}
Potions
 c - a potion of ambrosia
 f - a potion of curing {unknown}
 i - a potion of resistance {unknown}
 j - a potion of flight {unknown}
 k - a potion of attraction {unknown}
 q - a potion of berserk rage {unknown}
 s - a potion of heal wounds {unknown}
 t - a potion of haste


   Skills:
 + Level 5.6 Fighting
 + Level 6.1 Axes
 + Level 3.9 Dodging


You had 5 spell levels left.
You didn't know any spells.
Your spell library contained the following spells:

 Spells                   Type           Power      Damage    Failure   Level
 Shock                    Conj/Air       0%         1d3       99%         1
 Ensorcelled Hibernation  Hex/Ice        0%         N/A       99%         2
 Lesser Beckoning         Tloc           0%         N/A       99%         2
 Passwall                 Tmut/Erth      0%         N/A       99%         2
 Gell's Gravitas          Tloc           0%         N/A       100%        3
 Swiftness                Air            0%         N/A       100%        3
 Teleport Other           Tloc           0%         N/A       100%        3
 Airstrike                Air            0%         2d(0-16)  100%        4
 Dispersal                Tloc           0%         N/A       100%        6


Dungeon Overview and Level Annotations

Branches:
Dungeon (4/15)
 Temple: D:4-7

Altars:
Ashenzari
Gozag
Wu Jian


Message History

You feel sick.
You feel sick.
The gnoll bouda prays to its god.
The gnoll bouda is healed somewhat.
You feel sick.
You feel sick.
You feel sick.
You feel sick.
You are no longer poisoned.
The gnoll bouda gazes fiercely through you!
You feel your attacks grow feeble.
The gnoll bouda gazes fiercely through you!
You feel as though you will be weak longer.
The gnoll bouda barks out a call to the hunt!
The gnoll is no longer moving quickly. x2
The gnoll bouda gazes fiercely through you!
You feel as though you will be weak longer.
Your attacks no longer feel as feeble.
The gnoll bouda barks out a call to the hunt!
The gnoll picks up the pace!
The gnoll hits you from afar with a +1 spear of venom.
You are poisoned.
You feel very sick.
You feel sick.
You feel sick. The gnoll hits you but does no damage.
You are lethally poisoned!
* * * LOW HITPOINT WARNING * * *
You feel very sick.
* * * LOW HITPOINT WARNING * * *
You feel very sick.
* * * LOW HITPOINT WARNING * * *
You feel very sick. The gnoll hits you but does no damage.
You are more poisoned.
It was a potion of haste.
You feel yourself speed up.
* * * LOW HITPOINT WARNING * * *
You feel very sick. The gnoll hits you but does no damage.
You are more poisoned.
You die...

##.## #.# ##...##
#.#
###.#.#.##########..
..............g....#
###.#.#.##########..
##..g## #..†... ##
##...# #.####.
.##### #....# #.# #.
...... #@...#
#####.# #. .#####
#.#### #.....# #. ##
#.# #...### #. #####
#.# #<#.# #. ....#
#.# #.#.# #. ###.#
##########.## ###.#
#~...(......# ..#.#
#~~.........# #.#.#
#~~~~......(#


You could see a gnoll (swift).

Vanquished Creatures
  Pargi (D:4)
  A hound (D:4)
  Jessica (D:2)
  An iguana (D:3)
  A gnoll (D:4)
  4 adders
  3 worms
  3 dart slugs
  An orc (D:3)
  4 endoplasms
  2 giant cockroaches
  6 goblins
  9 hobgoblins
  4 kobolds
  5 quokkas
  7 ball pythons
  6 bats
  3 frilled lizards
  8 rats
70 creatures vanquished.

Notes
Turn   | Place    | Note
-------+----------+-------------------------------------------
     0 | D:1      | Okkudo the Hill Orc Monk began the quest for the Orb.
     0 | D:1      | Reached XP level 1. HP: 19/19 MP: 1/1
    50 | D:1      | Reached XP level 2. HP: 27/27 MP: 2/2
    58 | D:1      | Found an opulent altar of Gozag.
   216 | D:1      | Reached XP level 3. HP: 33/33 MP: 3/3
   770 | D:2      | Noticed Jessica
   782 | D:2      | Killed Jessica
   783 | D:2      | Reached XP level 4. HP: 31/41 MP: 4/4
   887 | D:2      | Reached skill level 5 in Axes
   933 | D:2      | Identified the +13 chain mail "Jankutush" {rCorr Str+2
                  | Dex+3}
  1499 | D:3      | Found a broken altar of Ashenzari.
  1719 | D:3      | Reached XP level 5. HP: 40/47 MP: 5/5
  1803 | D:3      | Reached skill level 5 in Fighting
  2387 | D:4      | Found an ornate altar of the Wu Jian Council.
  2644 | D:4      | Noticed Pargi
  2662 | D:4      | Killed Pargi
  2663 | D:4      | Reached skill level 6 in Axes
  2663 | D:4      | Reached XP level 6. HP: 47/56 MP: 6/6
  2943 | D:4      | HP: 1/56 [poisoned by a gnoll]
  2944 | D:4      | Succumbed to a gnoll's poison

Illustrated notes

Levels and vault maps discovered:
D:1:      tarquinn_simple_flora_water_a, layout_rooms, serial_curves,
          eino_curves_02, eino_curves_03, minmay_hexomino_r4
D:2:      minmay_wonky_spiral, layout_basic, minmay_misc_feat_chi,
          kennysheep_doodads, uniq_jessica
D:3:      layout_loops_ring, lemuel_crystal_altar, minmay_misc_feat_encased,
          hangedman_decor_diamond_cutter
D:4:      layout_loops_ring, nzn_wu_jian_contemplation, uniq_pargi

Skill      XL: |  1  2  3  4  5 |
---------------+----------------+-----
Fighting       | 4 5 |  5.6
Dodging        | 3 |  3.9
Axes           | 5 6 |  6.1

Action                     |  1- 3 |  4- 6 || total
---------------------------+-------+-------++-------
  Melee: Hand axe          |    83 |   159 ||   242
    Use: Potion            |       |     1 ||     1
 Armour: Scale mail        |    42 |     3 ||    45
         Chain mail        |       |   111 ||   111
  Dodge: Dodged            |    39 |    63 ||   102
